 Dungeon Crawl Stone Soup version 0.26-a0-597-gb535b0901c (webtiles) character file.

Game seed: 12070965782319252297

21 Flugslaktarn the Skirmisher (level 2, 0/27 HPs)
             Began as a Minotaur Fighter on Sept 13, 2020.
             Slain by a gnoll
             ... wielding a +0 whip of freezing
              (2 damage)
             ... on level 3 of the Dungeon.
             The game lasted 00:00:21 (311 turns).

Flugslaktarn the Skirmisher (Minotaur Fighter)       Turns: 311, Time: 00:00:21

Health: 0/27       AC:  7    Str: 20    XL:     2   Next: 62%
Magic:  1/1        EV:  7    Int:  5    God:
Gold:   0          SH:  9    Dex:  9    Spells: 1/1 levels left

rFire    . . .     SeeInvis .   a - +0 war axe
rCold    . . .     Faith    .   c - +0 kite shield
rNeg     . . .     Spirit   .   b - +0 scale mail
rPois    .         Reflect  .   (helmet restricted)
rElec    .         Harm     .   (no cloak)
rCorr    .                      (no gloves)
MR       .....                  (no boots)
Stlth    ..........             (no amulet)
HPRegen  0.09/turn              (no ring)
MPRegen  0.07/turn              (no ring)

@: no status effects
A: retaliatory headbutt, horns 2
a: no special abilities


You were on level 3 of the Dungeon.
You visited 1 branch of the dungeon, and saw 3 of its levels.

Inventory:

Hand Weapons
 a - a +0 war axe (weapon)
Armour
 b - a +0 scale mail (worn)
 c - a +0 kite shield (worn)
Scrolls
 e - 2 scrolls of identify {unknown}
 f - a scroll of fog {unknown}
 i - a scroll of amnesia {unknown}
Potions
 d - a potion of might
 g - a potion of stabbing {unknown}
 h - a potion of resistance {unknown}
 j - a potion of lignification {unknown}


   Skills:
 * Level 4.1 Fighting
 * Level 3.0 Axes
 + Level 3.8 Armour
 + Level 3.8 Shields


You had one spell level left.
You didn't know any spells.
Your spell library was empty.

Dungeon Overview and Level Annotations

Branches:
Dungeon (3/15)

Altars:
Fedhas
Gozag
Hepliaklqana
Okawaru
Trog
Wu Jian

Annotations:
D:2 Natasha


Innate Abilities, Weirdness & Mutations

You reflexively headbutt those who attack you in melee.
You have a pair of horns on your head.


Message History

The adder hisses angrily.
Natasha, Servant of Life and Death comes into view.
There are monsters nearby!
There is a stone staircase leading down here.
You climb downwards.
There is a stone staircase leading up here.
You start resting.
A gnoll is nearby!
You are too injured to fight recklessly!
You are too injured to fight recklessly!
You closely miss the gnoll.
The gnoll hits you with a +0 whip of freezing.
* * * LOW HITPOINT WARNING * * *
The gnoll freezes you.
* * * LOW HITPOINT WARNING * * *
The gnoll closely misses you.
The gnoll hits you with a +0 whip of freezing.
* * * LOW HITPOINT WARNING * * *
The gnoll freezes you.
You die...

#..#.##.#
#.....#(#.#....
#.......#
#######.#....g.
####.####
#<#...... #.#
##......## #.#
#...(..... #<#
#.######## ##.##
#.#
#...###########.#
#.#....@gg......#
#...#############
#####


You could see 2 gnolls.

Vanquished Creatures
  A gnoll (D:3)
  An ooze (D:1)
  A leopard gecko (D:3)
  2 hobgoblins
  A frilled lizard (D:3)
  A kobold (D:3)
7 creatures vanquished.

Notes
Turn   | Place    | Note
-------+----------+-------------------------------------------
     0 | D:1      | Flugslaktarn the Minotaur Fighter began the quest for the
                  | Orb.
     0 | D:1      | Reached XP level 1. HP: 19/19 MP: 0/0
   142 | D:3      | Found a blossoming altar of Fedhas.
   142 | D:3      | Found an ornate altar of the Wu Jian Council.
   143 | D:3      | Found a bloodstained altar of Trog.
   143 | D:3      | Found a hazy altar of Hepliaklqana.
   144 | D:3      | Found an iron altar of Okawaru.
   144 | D:3      | Found an opulent altar of Gozag.
   149 | D:3      | Reached XP level 2. HP: 24/27 MP: 1/1
   261 | D:3      | Reached skill level 4 in Fighting
   278 | D:2      | Noticed Natasha
   311 | D:3      | Slain by a gnoll

Illustrated notes

Levels and vault maps discovered:
D:1:      lemuel_arrival_river_ford, layout_basic, minmay_misc_feat_enclosed,
          hangedman_abyss_or_decor_lesser_grid
D:2:      layout_basic, lemuel_coloured_pillars_altar,
          nicolae_ru_great_annihilating_truth, uniq_natasha
D:3:      minmay_goblin_kobold_castle, layout_loops_cross,
          grunt_temple_overflow_open

Skill      XL: |  1  2 |
---------------+-------+-----
Fighting       | 4 |  4.1
Axes           | 3 |  3.0
Armour         | |  3.8
Shields        | |  3.8

Action                   || total
-------------------------++-------
Melee: War axe           ||    16
       Headbutt          ||     2
Armor: Scale mail        ||    12
Dodge: Dodged            ||    13
Block: Kite shield       ||    22

Table legend: (Time is in decaauts)
 A = Elapsed time spent in this place.
 B = Non-inter-level travel time spent in this place.
 C = Inter-level travel time spent in this place.
 D = Time resting spent in this place.
 E = Time spent auto-exploring this place.
 F = Levels seen in this place.
 G = Mean time per level.
                   A        B        C        D        E       F      G
               +--------+--------+--------+--------+--------+-----+--------+
         Total |    323 |    275 |     48 |      2 |    176 |   3 |  107.7 |
       Dungeon |    323 |    275 |     48 |      2 |    176 |   3 |  107.7 |
               +--------+--------+--------+--------+--------+-----+--------+

Top non-repeatable levels by time:
     D:3: 162 daAuts
     D:1: 98 daAuts
     D:2: 62 daAuts
